Map: 缀蓝秋原-天梯版

Players

TIME (Oliveira) - Winner!

  • Race: Terran Terran
  • Spawn Location: 7:00

Lambo

  • Race: Zerg Zerg
  • Spawn Location: 1:00

Event: WCS Montreal 2018

VOD

Have the link to the VOD?

Description

Time

  • Played on: Sept. 7, 2018, 7:27 p.m.
  • Length: 14:37

All games in this series

Show
View Real Time Build Order
Export as new Build Order

TIME Terran - Winner!

Build Orders: Mech 

Get SALT Encoding   

  12  0:00  SCV  
  13  0:12  SCV  
  14  0:18  Supply Depot  
  14  0:25  SCV  
  15  0:42  Barracks  
  15  0:52  Barracks  
  15  0:56  SCV  
  16  1:03  Refinery  
  16  1:10  SCV  
  17  1:19  Refinery  
  18  1:32  Orbital Command, Marine  
  18  1:51  Reaper  
  19  1:57  SCV  
  20  2:10  SCV  
  20  2:12  Factory  
  21  2:17  Supply Depot  
  21  2:22  SCV  
  22  2:35  SCV  
  23  2:43  Command Center  
  23  2:47  SCV  
  24  2:55  Factory Reactor  
  24  2:56  Starport  
  24  2:59  SCV  
  25  3:12  SCV  
  26  3:24  SCV  
  27  3:33  Hellion x2  
  31  3:38  Command Center  
  31  3:54  Orbital Command, SCV  
  32  3:59  Hellion x2  
  36  4:03  Medivac  
  36  4:06  SCV  
  39  4:10  Barracks Tech Lab  
  39  4:21  SCV x2  
  41  4:26  Supply Depot  
  41  4:29  Hellion  
  41  4:30  Liberator, Hellion  
  45  4:33  SCV  
  46  4:48  SCV  
  46  4:50  SCV  
  46  4:51  Supply Depot, Hellion x2  
  55  4:56  Orbital Command  
  55  5:00  SCV  
  55  5:02  SCV  
  56  5:12  SCV, Hellion x2  
  56  5:13  Armory  
  61  5:23  SCV x2  
  61  5:27  Refinery x2  
  63  5:29  Supply Depot  
  63  5:34  Hellion  
  63  5:35  SCV, Hellion  
  66  5:46  SCV  
  66  5:49  SCV  
  64  5:51  Factory x2  
  64  5:55  Hellion  
  64  5:56  Hellion  
  68  6:01  SCV  
  69  6:04  Orbital Command  
  69  6:05  SCV  
  69  6:10  Terran Vehicle Weapons Level 1  
  67  6:11  Supply Depot  
  67  6:16  Hellion  
  67  6:17  Hellion  
  70  6:20  Starport Reactor, Barracks Tech Lab, SCV x2  
  70  6:32  SCV  
  64  6:33  SCV  
  64  6:34  SCV  
  64  6:36  Supply Depot  
  64  6:38  Hellion  
  64  6:39  Hellion  
  70  6:44  SCV  
  70  6:46  SCV x2  
  71  6:49  Thor  
  77  6:56  Thor, Supply Depot, SCV  
  77  6:57  Medivac x2  
  77  6:58  SCV x2  
  90  7:02  Supply Depot  
  90  7:05  Hellion x2  
  90  7:08  SCV  
  95  7:10  SCV  
  95  7:11  SCV  
  95  7:14  Armory  
  97  7:20  SCV  
  97  7:22  SCV  
  91  7:23  SCV  
  91  7:25  Refinery x2  
  90  7:30  Hellion x2  
  90  7:33  SCV  
  90  7:34  SCV, Factory  
  90  7:35  Factory  
  90  7:36  Liberator  
  90  7:37  Liberator  
  100  7:39  Siege Tank  
  100  7:40  Siege Tank, SCV  
  107  7:53  Hellion x2  
  107  7:58  SCV x2  
  111  8:01  SCV  
  101  8:14  Siege Tank, SCV  
  101  8:15  SCV  
  101  8:18  Siege Tank, Hellion x2  
  100  8:22  SCV  
  100  8:26  SCV  
  96  8:27  SCV  
  96  8:31  Factory Reactor, Factory Tech Lab  
  92  8:34  SCV  
  92  8:37  Terran Vehicle Weapons Level 2, Terran Vehicle And Ship Armor Level 1  
  92  8:38  SCV  
  87  8:47  SCV x2  
  88  8:50  Siege Tank, SCV, Hellion x2  
  96  8:59  SCV  
  96  9:01  SCV  
  98  9:03  SCV  
  98  9:07  Siege Tank  
  102  9:11  SCV  
  102  9:13  Supply Depot  
  102  9:14  Supply Depot, SCV  
  102  9:15  SCV  
  104  9:20  Hellion x2  
  104  9:21  Supply Depot  
  104  9:23  Supply Depot, SCV  
  109  9:35  Siege Tank x2  
  109  9:36  Hellion  
  117  9:43  Hellion, SCV x2, Viking x2  
  117  9:44  Siege Tank, SCV  
  127  9:46  Hellion  
  125  9:55  SCV x2, Hellion  
  125  9:56  SCV  
  125  9:59  Hellion  
  130  10:05  Supply Depot  
  130  10:07  Supply Depot, SCV x2, Infernal Pre-Igniter  
  130  10:12  Supply Depot  
  133  10:14  Hellion x2  
  133  10:16  Engineering Bay  
  133  10:27  Siege Tank x2, Hellion  
  141  10:28  Siege Tank  
  141  10:33  Supply Depot, Hellion  
  141  10:34  Terran Vehicle And Ship Armor Level 2  
  141  10:47  Hellion x2  
  145  10:55  Viking x2  
  145  10:56  Sensor Tower  
  145  11:14  SCV x2  
  145  11:15  Terran Vehicle Weapons Level 3, Supply Depot x2, Hellion x2  
  145  11:18  Supply Depot  
  140  11:19  Supply Depot  
  140  11:20  Hellion  
  140  11:23  Siege Tank  
  141  11:33  Liberator  
  141  11:35  Liberator  
  141  11:37  Siege Tank x2, Hellion  
  149  11:42  Command Center  
  149  11:48  Hellion  
  149  11:49  Hellion  
  159  11:56  Supply Depot  
  159  11:59  Supply Depot, SCV  
  158  12:05  Siege Tank  
  158  12:06  Hellion  
  163  12:08  Smart Servos  
  163  12:16  Sensor Tower, Liberator  
  163  12:17  Liberator  
  163  12:21  Siege Tank  
  163  12:22  Hellion  
  168  12:24  Siege Tank  
  171  12:40  Siege Tank  
  172  12:45  Hellion x3  
  174  12:52  Hellion  
  174  12:55  Planetary Fortress  
  179  13:11  Thor x2  
  179  13:12  SCV x2  
  190  13:13  Refinery  
  190  13:14  Liberator, Hellion  
  190  13:19  Hellion  
  194  13:27  Siege Tank  
  196  13:36  Hellion  
  195  13:42  Refinery  
  195  13:49  Widow Mine  
  195  13:50  Widow Mine  
  195  13:57  Siege Tank, Hellion  
  195  14:00  Siege Tank, Hellion x2  
  134  14:10  Hellion  
  134  14:12  Hellion  
Show
View Real Time Build Order
Export as new Build Order

Lambo Zerg 

Build Orders: Hatch First 

Get SALT Encoding   

  12  0:00  Drone  
  13  0:12  Overlord  
  13  0:17  Drone  
  14  0:30  Drone x2  
  16  0:48  Hatchery  
  15  0:51  Drone  
  15  0:55  Drone  
  17  0:58  Drone  
  18  1:15  Spawning Pool  
  17  1:26  Drone x2  
  17  1:29  Drone  
  20  1:35  Extractor  
  19  1:43  Drone  
  20  2:02  Queen x2  
  20  2:03  Zergling x2  
  20  2:05  Zergling x2  
  20  2:08  Drone  
  27  2:16  Drone  
  27  2:18  Overlord  
  28  2:37  Metabolic Boost  
  28  2:38  Drone x3  
  28  2:39  Drone  
  32  2:44  Drone x2  
  33  2:54  Drone x2  
  35  3:08  Hatchery  
  35  3:10  Drone  
  35  3:14  Overlord  
  35  3:15  Overlord  
  35  3:18  Extractor x2, Drone  
  35  3:19  Drone  
  37  3:32  Queen  
  37  3:33  Drone x2  
  41  3:35  Drone x2  
  43  3:41  Drone  
  43  3:42  Queen  
  43  3:44  Drone x2  
  43  3:46  Drone  
  49  3:49  Overlord  
  49  3:50  Drone  
  49  3:54  Drone  
  51  4:09  Queen  
  53  4:10  Zergling x4  
  53  4:13  Overlord  
  53  4:15  Zergling x8  
  59  4:25  Drone x3  
  59  4:27  Lair  
  59  4:28  Queen  
  59  4:30  Drone  
  65  4:35  Spore Crawler, Drone  
  65  4:37  Drone  
  66  4:40  Drone x3  
  66  4:42  Baneling Nest  
  66  4:45  Extractor, Drone  
  68  4:46  Extractor  
  68  4:47  Drone  
  68  4:49  Drone  
  68  4:52  Overlord  
  69  4:58  Drone x3  
  72  5:00  Drone x2  
  72  5:04  Evolution Chamber  
  72  5:05  Drone  
  72  5:06  Evolution Chamber  
  73  5:11  Drone x2  
  73  5:14  Drone  
  73  5:20  Zergling x2  
  74  5:26  Overlord  
  74  5:27  Overlord  
  74  5:29  Extractor  
  74  5:30  Extractor, Zerg Ground Armor Level 1  
  74  5:35  Drone x2  
  74  5:36  Hatchery  
  74  5:39  Drone x2  
  71  5:43  Drone x2  
  71  5:44  Drone x2  
  71  5:46  Drone x2  
  71  5:47  Centrifical Hooks  
  71  5:49  Drone x2  
  77  5:50  Hydralisk Den  
  77  5:55  Zergling x8  
  75  5:57  Drone  
  75  5:58  Drone  
  75  6:01  Drone x2  
  75  6:03  Drone  
  71  6:09  Drone  
  71  6:10  Drone x2  
  70  6:11  Zerg Melee Weapons Level 1  
  67  6:20  Drone x3  
  69  6:29  Drone  
  69  6:30  Grooved Spines  
  69  6:31  Zergling x4  
  65  6:39  Extractor  
  63  6:42  Zergling x10  
  63  6:44  Drone  
  63  6:46  Queen  
  69  6:51  Drone  
  69  6:52  Drone  
  71  6:54  Hydralisk  
  73  7:03  Hydralisk x4  
  81  7:09  Hydralisk x2  
  81  7:10  Hydralisk  
  87  7:16  Hydralisk x2  
  87  7:17  Zergling x2  
  87  7:20  Hydralisk  
  91  7:23  Hydralisk  
  91  7:27  Hydralisk  
  94  7:33  Zergling x2  
  94  7:35  Overlord x2  
  95  7:37  Overlord  
  95  7:38  Overlord  
  95  7:41  Overlord, Muscular Augments  
  95  7:44  Zergling x2  
  96  7:47  Baneling x2, Overlord  
  96  7:50  Baneling x6  
  96  7:53  Zergling x8  
  96  7:56  Baneling x2  
  100  7:58  Zergling x4  
  100  7:59  Zergling x2  
  100  8:02  Zergling x6  
  100  8:04  Zergling x2  
  107  8:12  Zergling x12  
  101  8:16  Hydralisk x2  
  101  8:24  Baneling x6  
  101  8:26  Zergling x2, Hydralisk  
  101  8:27  Zergling x2  
  97  8:31  Hydralisk x2  
  97  8:32  Zergling x2  
  97  8:33  Drone  
  102  8:34  Drone  
  91  8:44  Drone x2  
  91  8:46  Drone x3  
  91  8:48  Zerg Missile Weapons Level 1, Drone x3  
  81  8:50  Extractor  
  83  8:58  Drone x3  
  83  9:01  Drone  
  87  9:04  Drone  
  87  9:05  Queen  
  90  9:10  Drone x3  
  90  9:11  Queen  
  92  9:17  Drone x4  
  92  9:20  Drone x5  
  101  9:27  Hydralisk x2  
  105  9:32  Hydralisk x2, Zerg Melee Weapons Level 2  
  105  9:33  Hydralisk  
  105  9:38  Hydralisk  
  113  9:44  Hydralisk x3  
  113  9:48  Hydralisk x2  
  116  9:55  Hydralisk x3  
  116  9:59  Hydralisk  
  121  10:08  Zergling x4, Hydralisk x2  
  121  10:09  Zergling x2  
  121  10:13  Drone x5  
  129  10:20  Hydralisk x2  
  129  10:21  Zergling x4  
  135  10:23  Baneling  
  135  10:24  Baneling x4  
  135  10:25  Overlord  
  135  10:32  Baneling x6  
  135  10:35  Overlord  
  135  10:36  Overlord  
  135  10:42  Overlord x3  
  135  10:43  Overlord  
  135  10:45  Overlord  
  135  10:50  Baneling x4, Overlord  
  135  10:57  Overlord  
  130  11:05  Hydralisk x2  
  130  11:06  Zergling x24  
  137  11:11  Hydralisk x2  
  137  11:12  Hydralisk  
  137  11:15  Zergling x10  
  146  11:22  Zergling x2, Hydralisk x3  
  141  11:28  Hydralisk x3  
  141  11:31  Baneling x5  
  147  11:34  Hydralisk  
  147  11:35  Hydralisk  
  147  11:38  Hydralisk  
  153  11:42  Hydralisk x2  
  153  11:45  Hydralisk x2  
  161  11:48  Hydralisk  
  161  11:51  Hydralisk  
  161  11:52  Zergling x2  
  166  11:57  Zergling x4  
  168  12:02  Zergling x2, Hydralisk x2  
  168  12:03  Zergling x4  
  168  12:05  Hydralisk x2  
  179  12:11  Hydralisk x2  
  179  12:12  Zergling x6  
  186  12:15  Baneling  
  186  12:16  Baneling x2  
  186  12:20  Hydralisk  
  186  12:21  Zergling x2, Hydralisk  
  191  12:36  Drone  
  191  12:37  Drone x2  
  191  12:39  Hydralisk x2  
  191  12:40  Zergling x2  
  191  12:41  Baneling x4, Overlord  
  191  12:44  Drone x6  
  191  12:53  Infestation Pit  
  190  13:01  Baneling  
  190  13:02  Baneling x6  
  190  13:03  Zergling x8  
  194  13:05  Baneling  
  194  13:06  Baneling x2  
  194  13:07  Zergling x4  
  194  13:09  Hatchery  
  194  13:11  Hydralisk x2  
  194  13:12  Zergling x2  
  194  13:19  Hydralisk  
  193  13:20  Hydralisk  
  194  13:28  Hydralisk x2  
  194  13:29  Zergling x4  
  196  13:34  Hydralisk x2  
  198  13:50  Hydralisk x2  
  198  13:51  Zergling x2  
  163  14:03  Zergling x4  
  163  14:08  Zergling x4, Hydralisk x5  
  135  14:11  Zergling x12, Hydralisk x2  
  135  14:16  Zergling x4  
  131  14:18  Zergling x2  
Tags
 
Add a new tag
Caveats
  • Supply blocks, unpowered buildings, or Contaminate may cause inaccurate times.
  • Supply counts are checked every 10 seconds.